 Dungeon Crawl Stone Soup version 0.28-a0-511-gcc94558de3 (webtiles) character file.

Game seed: 10933291243983220020

226 wakim the Slasher (level 5, 0/64 HPs)
             Began as a Palentonga Gladiator on Sept 21, 2021.
             Slain by Menkaure (11 damage)
             ... in an ossuary.
             The game lasted 00:09:18 (3623 turns).

wakim the Slasher (Palentonga Gladiator)            Turns: 3623, Time: 00:09:19

Health: 0/64       AC: 22    Str: 18    XL:     5   Next: 69%
Magic:  5/5        EV:  1    Int:  8    God:
Gold:   117        SH:  5    Dex: 16    Spells: 4/4 levels left

rFire   . . .      SeeInvis +   a - +1 long sword (vorpal)
rCold   . . .      Faith    .   (no shield)
rNeg    + + +      Spirit   .   (armour currently unavailable)
rPois   +          Reflect  +   (helmet currently unavailable)
rElec   .          Harm     .   (cloak currently unavailable)
rCorr   .          Rampage  .   (gloves currently unavailable)
Will    .....      NoTele   +   (no barding)
Stlth   +.........              c - amulet of the Lotus Blossom {Reflect Dex+4 SH+5}
HPRegen 0.20/turn               (no ring)
MPRegen 0.09/turn               (no ring)

@: tree-form, marked
A: stationary, stasis, torment immunity, boosted hp, large, rugged brown scales
3, see invisible, (deformed body), (roll 1), (armoured tail)
a: no special abilities


You were in an ossuary.
You were a tree.
You visited 1 branch of the dungeon, and saw 4 of its levels.
You also visited: Ossuary.

You collected 117 gold pieces.

Inventory:

Hand Weapons
 a - a +1 vorpal long sword (weapon)
 b - a +2 dagger of venom
Missiles
 d - 3 throwing nets {=f!f}
Armour
 f - a +0 leather armour (melded)
 m - a +0 pair of gloves (melded)
 o - a +1 helmet (melded)
Jewellery
 c - the amulet of the Lotus Blossom (around neck) {Reflect Dex+4 SH+5}
   (You acquired it on level 4 of the Dungeon)

   [amulet of reflection]

   It reflects blocked missile attacks.
   Dex:       It affects your dexterity (+4).
   SH:        It affects your SH (+5).
Potions
 B - a potion of attraction {!q}
 D - a potion of brilliance
 H - a potion of haste
 M - 2 potions of mutation {!q}


   Skills:
 + Level 3.4 Fighting
 * Level 5.0 Long Blades
 - Level 1.3 Throwing
 + Level 3.3 Dodging


You had 4 spell levels left.
You didn't know any spells.
Your spell library contained the following spells:

 Spells                   Type           Power      Damage    Failure   Level
 Sandblast                Erth           0%         2d4       41%         1
 Passwall                 Tmut/Erth      0%         N/A       54%         2
 Stone Arrow              Conj/Erth      0%         3d7       78%         3


Dungeon Overview and Level Annotations

Branches:
Dungeon (4/15)            Ossuary (1/1)
 Temple: D:4-7

Altars:

Shops:
D:2 :

Annotations:
D:3 1 runed translucent door, NigelTetley's ghost, novice MiFi Ossuary Menkaure


Innate Abilities, Weirdness & Mutations

You are a tree.
Your roots penetrate the ground, keeping you stationary.
You cannot be teleported.
You are immune to unholy pain and torment.
Your maximum health is greatly increased.
Your equipment is partially melded.
(You are completely covered in rugged brown scales. (AC +3, +7% HP))
You have supernaturally acute eyesight. (SInv)
((Armour fits poorly on your strangely shaped body.))
((You can roll at nearby foes to attack.))
((You have a long armoured tail.))


Message History

You slash the mummy!
You destroy the mummy!
Menkaure calls on the powers of darkness!
Your body is wracked with pain!
* * * LOW HITPOINT WARNING * * *
Menkaure calls on the powers of darkness!
Your body is wracked with pain!
* * * LOW HITPOINT WARNING * * *
Okay, then.
Really quaff
L - a potion of lignification {!q}?
Really quaff the potion of lignification?
You turn into a tree.
Your +1 helmet melds into your body.
Your +0 pair of gloves melds into your body.
Your +0 leather armour melds into your body.
Your roots penetrate the ground.
You block the goblin zombie's attack.
You hit the goblin zombie.
The goblin zombie is moderately damaged.
The goblin zombie hits you but does no damage.
You slash the goblin zombie!
You destroy the goblin zombie!
Menkaure hits you.
* * * LOW HITPOINT WARNING * * *
You hit Menkaure.
Menkaure is lightly damaged.
You block Menkaure's attack.
You hit Menkaure.
Menkaure is moderately damaged.
Menkaure hits you.
* * * LOW HITPOINT WARNING * * *
Menkaure hits you but does no damage.
You barely miss Menkaure.
Menkaure is moderately damaged.
You block Menkaure's attack.
You closely miss Menkaure.
Menkaure is moderately damaged.
Menkaure hits you but does no damage.
You barely miss Menkaure.
Menkaure is moderately damaged.
Menkaure hits you!
You die...

##..##..##..####..##..##..##
##..##..##..## ##..##..##..##
##..##..##..## ##..##..##..#
##..##..##..## ##..##..##..
##..##..##..## ##^.##..##.
#..##..##..## ##..##..##
..##..##..## ##..##..#
.##.^##..##############''##..##..
##..##..........♣MM...... ##..##.
#..##########################..##
................................#
#################################
.................................
#################################


You could see Menkaure (fast) and a mummy.

Vanquished Creatures
  Terence (D:3)
  2 mummies (Ossuary)
  Robin (D:3)
  5 adders
  2 worms (D:2)
  5 dart slugs
  7 ball pythons
  5 endoplasms
  4 giant cockroaches
  2 gnoll zombies (Ossuary)
  9 goblins
  8 hobgoblins
  4 jackals (D:3)
  A quokka (D:1)
  5 bats
  3 frilled lizards (D:2)
  3 gnoll skeletons (Ossuary)
  3 goblin skeletons (Ossuary)
  3 goblin zombies (Ossuary)
  6 hobgoblin skeletons (Ossuary)
  4 hobgoblin zombies (Ossuary)
  3 kobolds (D:1)
  4 kobold skeletons (Ossuary)
  6 kobold zombies (Ossuary)
  4 orc skeletons (Ossuary)
  6 orc zombies (Ossuary)
  8 rats
  5 rat skeletons (Ossuary)
  4 rat zombies (Ossuary)
123 creatures vanquished.

Vanquished Creatures (others)
  5 plants (D:1)
5 creatures vanquished.

Grand Total: 128 creatures vanquished

Notes
Turn   | Place    | Note
-------+----------+-------------------------------------------
     0 | D:1      | wakim the Palentonga Gladiator began the quest for the Orb.
     0 | D:1      | Reached XP level 1. HP: 17/17 MP: 1/1
   126 | D:1      | Reached XP level 2. HP: 14/23 MP: 2/2
  1046 | D:2      | Found Ytygru's Book Shoppe.
  1053 | D:2      | Reached XP level 3. HP: 22/29 MP: 3/3
  1408 | D:2      | Reached skill level 4 in Long Blades
  1526 | D:2      | Reached XP level 4. HP: 22/36 MP: 4/4
  1991 | D:3      | Noticed Robin
  2060 | D:3      | Killed Robin
  2472 | D:3      | Found a runed translucent door.
  2473 | D:3      | Noticed NigelTetley's ghost (novice MiFi)
  2655 | D:3      | Noticed Terence
  2667 | D:3      | Killed Terence
  2668 | D:3      | Reached XP level 5. HP: 43/43 MP: 5/5
  3098 | D:4      | Identified a scroll of acquirement
  3098 | D:4      | Acquired the amulet of the Lotus Blossom {Reflect Dex+4
                  | SH+5}
  3278 | D:4      | Found a sand-covered staircase.
  3299 | Ossuary  | Entered an ossuary
  3608 | Ossuary  | Reached skill level 5 in Long Blades
  3608 | Ossuary  | Noticed Menkaure
  3623 | Ossuary  | Slain by Menkaure

Illustrated notes

Levels and vault maps discovered:
D:1:      eino_arrival_water_cross, layout_basic, serial_bayou_crossing
D:2:      layout_rooms, serial_shops, shop
D:3:      layout_basic, ebering_ghost_inner_flame, uniq_terence, uniq_robin
D:4:      layout_cave_pods, nicolae_ossuary_entry_ruins, minmay_crystal_room,
          st_stairs_6
Ossuary:  ossuary_due_pyramid

Skill      XL: |  1  2  3  4  5 |
---------------+----------------+-----
Long Blades    | 4 5 |  5.0
Dodging        | 3 |  3.3
Fighting       | 3 |  3.4
Throwing       | |  1.3

Action                   |  1- 3 |  4- 6 || total
-------------------------+-------+-------++-------
Melee: Long sword        |   108 |   155 ||   263
       Tailslap          |    16 |    20 ||    36
       Dagger            |       |     7 ||     7
 Abil: Rolling Charge    |    26 |    25 ||    51
  Use: Scroll            |       |    11 ||    11
       Potion            |       |     1 ||     1
 Stab: Distracted        |       |     1 ||     1
Armor: Leather armour    |    54 |    38 ||    92
       Skin              |       |     3 ||     3
Dodge: Dodged            |    56 |    57 ||   113
Block: Other             |       |    17 ||    17

Table legend: (Time is in decaauts)
 A = Elapsed time spent in this place.
 B = Non-inter-level travel time spent in this place.
 C = Inter-level travel time spent in this place.
 D = Time resting spent in this place.
 E = Time spent auto-exploring this place.
 F = Levels seen in this place.
 G = Mean time per level.
                   A        B        C        D        E       F      G
               +--------+--------+--------+--------+--------+-----+--------+
         Total |   3676 |   3508 |    168 |    239 |   2405 |   5 |  735.2 |
       Dungeon |   3338 |   3170 |    168 |    239 |   2356 |   4 |  834.5 |
       Ossuary |    337 |    337 |      0 |      0 |     49 |   1 |  337.0 |
               +--------+--------+--------+--------+--------+-----+--------+

Top non-repeatable levels by time:
     D:1: 1170 daAuts
     D:3: 1160 daAuts
     D:2: 795 daAuts
 Ossuary: 337 daAuts
     D:4: 212 daAuts
